 Dungeon Crawl Stone Soup version 0.18.1-48-g4cf74bf (webtiles) character file.

442 Heedrag the Conjurer (level 6, 0/32 HPs)
             Began as a Deep Elf Conjurer on Aug 6, 2016.
             Was an Initiate of Vehumet.
             Slain by a sky beast (5 damage)
             ... on level 6 of the Dungeon.
             The game lasted 00:07:26 (3080 turns).

Heedrag the Conjurer (Deep Elf Conjurer)            Turns: 3080, Time: 00:07:27

Health: 0/32       AC:  3    Str:  7    XL:     6   Next: 71%
Magic:  0/16       EV: 13    Int: 20    God:    Vehumet [......]
Gold:   164        SH:  0    Dex: 15    Spells: 4 memorised, 3 levels left

rFire  . . .     SeeInvis .     x - +0 trident (flame)
rCold  + . .     Gourm    .     a - +0 robe
rNeg   . . .     Faith    .     (no shield)
rPois  .         Spirit   .     f - +0 helmet
rElec  .         Dismiss  .     (no cloak)
rCorr  .         Reflect  .     (no gloves)
SustAt .         Harm     .     (no boots)
MR     .....                    (no amulet)
Stlth  ++........               (no ring)
                                w - ring of protection from cold

@: not resistant to hostile enchantments, unstealthy
A: no striking features
a: Renounce Religion


You were on level 6 of the Dungeon.
You worshipped Vehumet.
Vehumet was noncommittal.
You were hungry.

You visited 2 branches of the dungeon, and saw 7 of its levels.

You collected 164 gold pieces.

Inventory:

Hand Weapons
 i - a +0 long sword
 x - a +0 trident of flaming (weapon)
Armour
 a - a +0 robe (worn)
 f - a +0 helmet (worn)
 p - a +0 buckler
Jewellery
 w - a ring of protection from cold (left hand)
 y - a cursed amulet of inaccuracy {unknown}
Wands
 v - a wand of polymorph (17/24)
Scrolls
 d - 5 scrolls of identify {unknown}
 e - a scroll of recharging {unknown}
 h - 3 scrolls of fog {unknown}
 l - a scroll of enchant armour {unknown}
 n - 3 scrolls of teleportation {unknown}
 o - 2 scrolls of magic mapping {unknown}
 q - a scroll of remove curse {unknown}
 r - a scroll of immolation {unknown}
 s - a scroll of amnesia {unknown}
 t - 2 scrolls of noise {unknown}
Potions
 g - 3 potions of cancellation {unknown}
 m - a potion of degeneration {unknown}
 u - a potion of haste {unknown}
Books
 b - a book of Conjurations

   Spells                             Type                      Level
   a - Magic Dart                     Conjuration                  1
   b - Searing Ray                    Conjuration                  2
   c - Dazzling Spray                 Conjuration/Hexes            3
   d - Fulminant Prism                Conjuration/Hexes            4
   e - Iskenderun's Mystic Blast      Conjuration                  4
   f - Iskenderun's Battlesphere      Conjuration/Charms           5
Comestibles
 c - 4 bread rations
 j - 2 fruits
 k - a slice of pizza


   Skills:
 - Level 2.4 Dodging
 - Level 2.4 Stealth
 + Level 5.6 Spellcasting
 * Level 7.4 Conjurations
 + Level 3.1 Charms


You had 3 spell levels left.
You knew the following spells:

 Your Spells              Type           Power        Failure   Level  Hunger
a - Magic Dart            Conj           ####         1%          1    None
b - Dazzling Spray        Conj/Hex       ###...       10%         3    ##.....
c - Iskenderun's Mystic   Conj           #####...     8%          4    ####...
d - Iskenderun's Battles  Conj/Chrm      ####....     38%         5    #####..


Dungeon Overview and Level Annotations

Branches:
Dungeon (6/15)             Temple (1/1) D:4

Altars:
Ashenzari
Cheibriados
Dithmenos
Elyvilon
Gozag
Kikubaaqudgha
Makhleb
Nemelex Xobeh
Okawaru
Pakellas
Qazlal
Ru
Sif Muna
Trog
Vehumet
Xom
Zin
The Shining One

Annotations:
D:4 Galewin's ghost, amateur MiBe
D:5 Galewind's ghost, novice DECj


Message History

Castin': Dazzlin' Spray Confirm wit' . or Enter, or press ? or * ta list all spells.
Aimin': Magic Dart
Press: ? - help, Shift-Dir - straight line Tha magic dart hits somethin'.
Castin': Magic Dart Confirm wit' . or Enter, or press ? or * ta list all spells.
Aimin': Magic Dart
Press: ? - help, Shift-Dir - straight line Tha magic dart hits somethin'.
Somethin' hits ye but does nay damage.
Castin': Magic Dart Confirm wit' . or Enter, or press ? or * ta list all spells.
Aimin': Magic Dart
Press: ? - help, Shift-Dir - straight line Tha magic dart hits somethin'.
A sky beast appears from thin air!
Reactivatin' autopickup.
Tha sky beast hits ye.
* * * LOW HITPOINT WARNIN'
* * * Tha sky beast shocks ye.
Ye die...

## .# . .#
.. #
#.##.#.
#.##.......
#.#......#.
#....?....
#@...(...
##Y.)....
.......
#.<....
......
#.....
#.... ..##


You could see a sky beast.

Vanquished Creatures
  An ogre (D:5)
  A howler monkey (D:5)
  A hound (D:4)
  3 giant frog skeletons
  Jessica (D:3)
  A worker ant (D:4)
  5 adders
  3 oozes (D:1)
  4 worms
  3 dart slugs
  4 giant geckos
  3 orcs
  2 ball pythons
  6 bats
  4 giant cockroaches
  9 goblins
  10 hobgoblins
  3 quokkas (D:3)
  A giant gecko skeleton (D:4)
  3 giant newts
  8 kobolds
  A quokka skeleton (D:4)
  10 rats
87 creatures vanquished.

Notes
Turn   | Place    | Note
--------------------------------------------------------------
     0 | D:1      | Heedrag the Deep Elf Conjurer began the quest for the Orb.
     0 | D:1      | Reached XP level 1. HP: 10/10 MP: 6/6
    95 | D:1      | Reached XP level 2. HP: 15/15 MP: 2/8
   256 | D:1      | Reached skill level 5 in Conjurations
   633 | D:1      | Reached XP level 3. HP: 19/19 MP: 7/10
   638 | D:1      | Learned a level 3 spell: Dazzling Spray
  1243 | D:2      | Reached XP level 4. HP: 24/24 MP: 6/12
  1596 | D:3      | Learned a level 4 spell: Iskenderun's Mystic Blast
  1759 | D:3      | Reached skill level 6 in Conjurations
  1883 | D:3      | Noticed Jessica
  1890 | D:3      | Killed Jessica
  1890 | D:3      | Reached XP level 5. HP: 28/28 MP: 10/14
  2227 | D:4      | Learned a level 5 spell: Iskenderun's Battlesphere
  2330 | D:4      | Found a staircase to the Ecumenical Temple.
  2335 | Temple   | Entered the Ecumenical Temple
  2426 | Temple   | Became a worshipper of Vehumet
  2498 | D:4      | Reached skill level 5 in Spellcasting
  2498 | D:4      | Reached skill level 1 in Charms
  2661 | D:4      | Reached XP level 6. HP: 16/32 MP: 5/15
  2754 | D:4      | Noticed Galewin's ghost (amateur MiBe)
  2906 | D:5      | Entered Level 5 of the Dungeon
  2931 | D:5      | Reached skill level 7 in Conjurations
  2949 | D:5      | Noticed Galewind's ghost (novice DECj)
  3074 | D:6      | Noticed a sky beast
  3080 | D:6      | Slain by a sky beast

Skill      XL: |  1  2  3  4  5  6 |
---------------+-------------------+-----
Conjurations   | 5 6 7 |  7.4
Spellcasting   | 4 5 |  5.6
Charms         | 1 3 |  3.1
Dodging        | |  2.4
Stealth        | |  2.4

Action                   |  1- 3 |  4- 6 || total
-------------------------+-------+-------++-------
Melee: Dagger            |     4 |     4 ||     8
       Trident           |       |     9 ||     9
 Cast: Magic Dart        |    79 |   136 ||   215
       Dazzling Spray    |       |     4 ||     4
  Eat: Chunk             |     1 |     5 ||     6
Armor: Robe              |     2 |     3 ||     5
Dodge: Dodged            |     5 |    13 ||    18
